 Dungeon Crawl Stone Soup version 0.28.0 (webtiles) character file.

Game seed: 4666001610568230707

98 ProzacElf the Magician (level 5, 0/35 HPs)
             Began as a Djinni Hedge Wizard on Feb 15, 2022.
             Was a Follower of Qazlal.
             Slain by a gnoll (4 damage)
             ... on level 2 of the Dungeon.
             The game lasted 00:08:26 (3511 turns).

ProzacElf the Magician (Djinni Hedge Wizard)        Turns: 3511, Time: 00:08:27

Health: 0/35       AC:  3    Str:  9    XL:     5   Next: 1%
Gold:   67         EV: 11    Int: 18    God:    Qazlal [*.....] SH:  2 Dex: 12

rFire   + + .      SeeInvis .   a - +0 spear
rCold   x . .      Faith    .   f - orb {light}
rNeg    . . .      Spirit   .   q - +0 leather armour
rPois   ∞          Reflect  .   c - +0 hat
rElec   .          Harm     .   (no cloak)
rCorr   .          Rampage  .   (no gloves)
Will    .....                   (boots unavailable)
Stlth   +.........              (no amulet)
HPRegen 0.11/turn               (no ring)
MPRegen 0.00/turn               (no ring)

@: flying, very slightly contaminated, glowing
A: sickness immunity, fire resistance 2, cold vulnerability 1, float, innate
caster, HP casting, extra vitality 1
a: Renounce Religion


You were on level 2 of the Dungeon.
You worshipped Qazlal.
Qazlal was aware of your devotion.
You visited 1 branch of the dungeon, and saw 3 of its levels.

You collected 67 gold pieces.

Inventory:

Hand Weapons
 a - a +0 spear (weapon)
 e - a +0 dagger
 p - a +0 short sword
Missiles
 d - 13 poisoned darts (quivered)
 m - a throwing net
Armour
 b - a +0 robe
 c - a +0 hat (worn)
 f - an orb of light (worn)
 q - a +0 leather armour (worn)
Jewellery
 t - a +4 ring of evasion
Scrolls
 h - 3 scrolls of identify {unknown}
 j - a scroll of amnesia {unknown}
 l - a scroll of fog {unknown}
 n - a scroll of noise {unknown}
 o - a scroll of enchant armour {unknown}
 s - a scroll of magic mapping {unknown}
Potions
 g - a potion of haste {unknown}
 i - a potion of curing {unknown}
 k - a potion of resistance {unknown}
 r - a potion of might {unknown}


   Skills:
 + Level 2.4 Dodging
 - Level 3.0 Stealth
 + Level 3.4 Spellcasting


You couldn't memorise any spells.
You knew the following spells:

 Your Spells              Type           Power      Damage    Failure   Level
a - Magic Dart            Conj           60%        1d6       5%          1
b - Call Imp              Summ           15%        N/A       9%          2
c - Mephitic Cloud        Conj/Pois/Air  15%        N/A       16%         3
d - Conjure Flame         Conj/Fire      15%        6-21      16%         3
e - Static Discharge      Conj/Air       15%        N/A       9%          2
f - Beastly Appendage     Tmut           30%        N/A       5%          1
o - Blink                 Tloc           30%        N/A       9%          2
v - Slow                  Hex            60%        N/A       5%          1
Your spell library was empty.

Dungeon Overview and Level Annotations

Branches:
Dungeon (3/15)

Altars:
Qazlal


Innate Abilities, Weirdness & Mutations

You are immune to sickness and miasma.
You are immune to poison.
Your flesh is very heat resistant. (rF++)
You are vulnerable to cold. (rC-)
You float through the air rather than walking.
You learn spells naturally, not from books.
Your magical power is your life essence.
You have superior vitality. (+4 MHP)


Message History

Aim: a gnoll, wieldin' a +0 whip (haloed, chance ta affect: 91%) Tha ball 'splodes inta a vile cloud!
Tha stinkin' cloud 'ngulfs tha gnoll but does nay damage.
Tha stinkin' cloud 'ngulfs ye but does nay damage.
Ye hear a shout!
Tha gnoll be 'ngulfed in noxious fumes.
Tha gnoll appears confused.
Tha gnoll barely misses ye.
Ye take 3 damage, an' haf 18/35 hp.
Ye hit tha gnoll but do nay damage.
Tha gnoll be 'ngulfed in noxious fumes.
Tha gnoll appears confused.
Tha gnoll barely misses ye.
Ye hit tha gnoll but do nay damage.
Tha gnoll be 'ngulfed in noxious fumes.
Tha gnoll appears confused.
Tha gnoll hits ye wit' a +0 whip.
Ye take 1 damage, an' haf 18/35 hp.
Ye hit tha gnoll but do nay damage.
Ye hit tha gnoll.
Tha gnoll be moderately wounded.
Tha gnoll closely misses ye.
Ye hit tha gnoll but do nay damage.
Tha gnoll be moderately wounded.
Ye hit tha gnoll.
Tha gnoll be moderately wounded.
Ye hit tha gnoll.
Tha gnoll be heavily wounded.
Tha gnoll hits ye wit' a +0 whip!
Ye take 6 damage, an' haf 12/35 hp.
Ye hit tha gnoll but do nay damage.
Tha gnoll be heavily wounded.
Tha gnoll closely misses ye.
Ye hit tha gnoll.
Tha gnoll be heavily wounded.
Tha gnoll hits ye wit' a +0 whip.
* * * LOW HITPOINT WARNIN'
* * * Tha gnoll hits ye wit' a +0 club.
* * * LOW HITPOINT WARNIN'
* * * Ye take 8 damage, an' haf 4/35 hp.
MASSIVE DAMAGE!!
Ye hit tha gnoll but do nay damage.
Tha gnoll be heavily wounded.
Tha gnoll barely misses ye.
Tha gnoll hits ye wit' a +0 club.
Ye die...

....####....##....####..# #.###.
............###^......).# #.# #.
....##.#....# #.(.......####.# #.
....##......###......#.g.....# #.
#..####.###............>###### #[
##..###.....########.##..# ####.
###.#...##### #.###.####.)..
##....#.############......##..###
...............g@g..###.#.....###
##..###.###########[......##.....
##..###.# ######...<.....
###..##.# ##..####### #.....#
##..## # #....## ##...# ######
##...### ##..#.###.....
#......###########.........####
###..###...............#.########


You could see 2 gnolls.

Vanquished Creatures
  3 gnolls
  A dart slug (D:2)
  An orc (D:3)
  6 endoplasms
  2 giant cockroaches (D:2)
  5 goblins
  4 hobgoblins
  4 kobolds
  2 quokkas
  6 ball pythons
  4 bats
  4 rats
42 creatures vanquished.

Vanquished Creatures (collateral kills)
  2 adders (D:1)
  A goblin (D:1)
3 creatures vanquished.

Grand Total: 45 creatures vanquished

Notes
Turn   | Place    | Note
-------+----------+-------------------------------------------
     0 | D:1      | ProzacElf the Djinni Hedge Wizard began the quest for the
                  | Orb.
     0 | D:1      | Reached XP level 1. HP: 15/15 MP: 0/0
   318 | D:1      | Reached XP level 2. HP: 13/21 MP: 0/0
  1057 | D:2      | Reached XP level 3. HP: 21/25 MP: 0/0
  1057 | D:2      | Learned a level 1 spell: Beastly Appendage
  1502 | D:2      | Found a faded altar of an unknown god.
  1538 | D:1      | HP: 1/25 [adder (3)]
  1864 | D:1      | Reached XP level 4. HP: 9/31 MP: 0/0
  2122 | D:2      | Prayed at the altar of an unknown god.
  2122 | D:2      | Became a worshipper of Qazlal Stormbringer
  2122 | D:2      | Reached * piety under Qazlal
  3482 | D:2      | Reached XP level 5. HP: 29/35 MP: 0/0
  3482 | D:2      | Learned a level 2 spell: Static Discharge
  3511 | D:2      | Slain by a gnoll

Illustrated notes

Levels and vault maps discovered:
D:1:      dpeg_arrival_round_a, layout_basic
D:2:      layout_rooms, nicolae_ecumenical_pavilion, minmay_misc_feat_x
D:3:      layout_loops_ring, chequers_temple_overflow_statue_of_worship,
          palyth_stone_intersect, uniq_ijyb

Skill      XL: |  1  2  3  4 |
---------------+-------------+-----
Stealth        | 2 3 |  3.0
Spellcasting   | 3 |  3.4
Dodging        | |  2.4

Action                   |  1- 3 |  4- 6 || total
-------------------------+-------+-------++-------
Melee: Dagger            |     5 |       ||     5
       Short sword       |    33 |    13 ||    46
       Spear             |       |    60 ||    60
 Cast: Magic Dart        |    42 |    16 ||    58
       Call Imp          |     3 |     2 ||     5
       Blink             |     2 |       ||     2
       Mephitic Cloud    |     1 |     1 ||     2
       Slow              |     1 |       ||     1
       Conjure Flame     |       |     2 ||     2
 Stab: Sleeping          |     1 |       ||     1
       Confused          |     1 |       ||     1
Armor: Robe              |    10 |       ||    10
       Leather armour    |       |    12 ||    12
Dodge: Dodged            |    39 |    43 ||    82
Block: Orb               |       |     4 ||     4
